 Dungeon Crawl Stone Soup version 0.26.1-11-gd32895ea62 (webtiles) character file.

Game seed: 9556571904369334104

4261 Almogavar the Carver (level 10, -2/80 HPs)
             Began as a Barachi Berserker on May 4, 2021.
             Was an Elder of Trog.
             Slain by a two-headed ogre
             ... wielding a cursed +0 great mace
             ... summoned by an orange crystal statue
              (19 damage)
             ... on level 9 of the Dungeon.
             The game lasted 00:21:19 (11508 turns).

Almogavar the Carver (Barachi Berserker)           Turns: 11508, Time: 00:21:20

Health: -2/80      AC: 15    Str: 31      XL:     10   Next: 31%
Magic:  3/19       EV: 15    Int:  5 (8)  God:    Trog [****..]
Gold:   486        SH:  0    Dex: 17      Spells: 9/9 levels left

rFire    . . .     SeeInvis .   E - +4 great sword
rCold    . . .     Faith    .   (shield currently unavailable)
rNeg     . . .     Spirit   .   D - +0 steam dragon scales
rPois    .         Reflect  .   I - +0 helmet
rElec    .         Harm     .   n - +1 cloak
rCorr    .         Rampage  .   p - +0 pair of gloves {Str+3}
Will     .....                  (no boots)
Stlth    ++........             A - amulet of the acrobat
HPRegen  0.23/turn              h - +4 ring of protection
MPRegen  0.16/turn              B - ring "Itroen" {MP+9 Str+6 Dex+6 Stlth+}

@: confused, slow
A: +LOS, swims, slowness 1, strong legs 1
a: Hop, Renounce Religion, Berserk, Trog's Hand, Brothers in Arms


You were on level 9 of the Dungeon.
You worshipped Trog.
Trog was greatly pleased with you.
You visited 1 branch of the dungeon, and saw 9 of its levels.

You collected 550 gold pieces.
You spent 64 gold pieces at shops.

Inventory:

Hand Weapons
 a - a +0 falchion
 e - a +0 hunting sling
 s - a +2 spear of flaming
 E - a +4 great sword (weapon)
Missiles
 j - 274 stones
Armour
 b - a +0 kite shield
 f - a +0 chain mail
 n - a +1 cloak (worn)
 p - a +0 pair of gloves of strength (worn)
 D - +0 steam dragon scales (worn)
 I - a +0 helmet (worn)
Jewellery
 h - a +4 ring of protection (left hand)
 k - an uncursed amulet of reflection
 r - an uncursed ring of protection from fire
 A - an amulet of the acrobat (around neck)
 B - the ring "Itroen" (right hand) {MP+9 Str+6 Dex+6 Stlth+}
   (You found it on level 6 of the Dungeon)

   [ring of dexterity]

   It affects your strength (+6).
   It affects your dexterity (+6).
   It affects your magic capacity (+9).
   It makes you more stealthy.
Wands
 c - a wand of flame (26)
 q - a wand of paralysis (5)
Scrolls
 d - 2 scrolls of magic mapping
 l - 2 scrolls of remove curse
 m - 3 scrolls of enchant armour
 u - 5 scrolls of teleportation {unknown}
 w - 3 scrolls of enchant weapon {unknown}
 y - 2 scrolls of fear {unknown}
 z - a scroll of amnesia {unknown}
 G - a scroll of immolation {unknown}
Potions
 g - 4 potions of curing
 i - 5 potions of might
 o - a potion of haste
 v - 2 potions of ambrosia {unknown}
 x - 3 potions of heal wounds {unknown}
 C - a potion of invisibility {unknown}
 F - 2 potions of attraction {unknown}
 H - a potion of lignification {unknown}
 J - a potion of mutation {unknown}


   Skills:
 + Level 8.3 Fighting
 + Level 10.3 Long Blades
 + Level 7.7 Slings
 + Level 6.2 Armour
 + Level 4.9 Dodging
 - Level 0.4 Stealth
 + Level 3.1 Shields


You had 9 spell levels left.
You didn't know any spells.
Your spell library was empty.

Dungeon Overview and Level Annotations

Branches:
Dungeon (9/15)             Temple (0/1) D:7
   Lair: D:8-11         Orc: D:9-12

Altars:
Ashenzari
Cheibriados
Dithmenos
Qazlal
Ru
Trog
Uskayaw
Xom

Shops:
D:4 :   D:6 (   D:8 !

Annotations:
D:9 exclusion: orange crystal statue


Innate Abilities, Weirdness & Mutations

You can be seen from farther away. (+LOS)
You can swim through water.
You cover ground slowly.
You can hop short distances.


Message History

The orange crystal statue glitters.
You resist with almost no effort.
The two-headed ogre hits you but does no damage.
The two-headed ogre closely misses you.
You bump into the rock wall.
The orange crystal statue glitters.
The gnoll shouts! x3
The orange crystal statue fixes its piercing gaze on you.
You feel dopey. Something feeds on your intellect!
The two-headed ogre completely misses you.
The two-headed ogre hits you with a +0 giant club!
* * * LOW HITPOINT WARNING * * *
The orange crystal statue fixes its piercing gaze on you.
You feel your power leaking away.
The orange crystal statue glitters.
You easily resist.
You're too confused to move!
The two-headed ogre hits you with a cursed +0 great mace!!
You die...

#....#.......)..
#....#..........
#....#..........
#....#..........
#######'######..##.
##..###..######..##.
#..........#........
#..........#........
#..@.......+........
####..O.......#....†...
#......###.##.##..####.
##......#####.##..####.
#.....###.........#....
#.gg..## #...>....#..).
#gg(..## ######+####'##
#).8..# #....##...
##...# ...........


You could see an orange crystal statue, a two-headed ogre (summoned) and 4
gnolls.

Vanquished Creatures
  Maggie (D:6)
  Prince Ribbit (D:6)
  A wyvern (D:8)
  Edmund (D:4)
  An orc warrior (D:6)
  2 ice beasts
  3 sky beasts
  4 ogres
  4 phantoms
  2 centaurs (D:9)
  5 bullfrogs
  A wyvern zombie (D:8)
  A scorpion (D:4)
  A water moccasin skeleton (D:7)
  3 wights (D:7)
  8 killer bees
  2 howler monkeys
  A bullfrog zombie (D:7)
  2 orc priests
  4 hounds
  Crazy Yiuf (D:2)
  6 orc wizards
  A centaur skeleton (D:4)
  2 iguanas (D:4)
  8 worker ants
  A hound zombie (D:8)
  13 gnolls
  2 howler monkey skeletons
  10 adders
  3 shadow imps
  2 white imps
  An ufetubus (D:4)
  2 adder skeletons
  2 worms (D:4)
  3 dart slugs (D:2)
  4 leopard geckos
  21 orcs
  A ball python (D:5)
  14 giant cockroaches
  8 goblins
  5 hobgoblins
  3 jackals (D:6)
  2 quokkas
  13 bats
  6 frilled lizards
  4 kobolds
  10 rats
196 creatures vanquished.

Notes
Turn   | Place    | Note
-------+----------+-------------------------------------------
     0 | D:1      | Almogavar the Barachi Berserker began the quest for the
                  | Orb.
     0 | D:1      | Reached XP level 1. HP: 18/18 MP: 1/1
   223 | D:1      | Reached XP level 2. HP: 25/25 MP: 2/2
   855 | D:1      | Found a broken altar of Ashenzari.
  1048 | D:1      | Reached skill level 4 in Long Blades
  1630 | D:2      | Reached XP level 3. HP: 28/30 MP: 3/3
  1942 | D:2      | Found a runed translucent door.
  1943 | D:2      | Noticed Crazy Yiuf
  2122 | D:2      | Reached ** piety under Trog
  2386 | D:2      | Reached XP level 4. HP: 33/37 MP: 4/4
  2817 | D:2      | Killed Crazy Yiuf
  3061 | D:3      | Reached XP level 5. HP: 18/43 MP: 5/5
  3066 | D:3      | Reached skill level 5 in Long Blades
  3067 | D:3      | Reached skill level 1 in Shields
  3489 | D:3      | Found a hide-covered altar of Uskayaw.
  3491 | D:3      | Noticed a +0 hand axe
  3491 | D:3      | Noticed a +0 dagger
  3658 | D:3      | Reached XP level 6. HP: 40/49 MP: 6/6
  3809 | D:3      | Reached *** piety under Trog
  4146 | D:4      | Reached skill level 6 in Long Blades
  4184 | D:4      | Reached skill level 1 in Slings
  4184 | D:4      | Reached XP level 7. HP: 34/55 MP: 7/7
  4303 | D:4      | Found Uhalise's Book Shoppe.
  4622 | D:4      | Reached skill level 5 in Fighting
  5577 | D:4      | Reached skill level 7 in Long Blades
  5577 | D:4      | Reached XP level 8. HP: 53/63 MP: 8/8
  6165 | D:5      | Entered Level 5 of the Dungeon
  6166 | D:5      | Noticed Edmund
  6186 | D:4      | Killed Edmund
  6187 | D:4      | Reached skill level 5 in Armour
  6706 | D:5      | Reached skill level 5 in Slings
  7421 | D:6      | Found a shimmering altar of Xom.
  7526 | D:6      | Reached XP level 9. HP: 71/71 MP: 9/9
  7884 | D:6      | Reached **** piety under Trog
  7885 | D:6      | Reached skill level 8 in Long Blades
  8212 | D:6      | Got a heavily runed bone ring
  8444 | D:6      | Identified the ring "Itroen" {MP+9 Str+6 Dex+6 Stlth+} (You
                  | found it on level 6 of the Dungeon)
  8734 | D:6      | Noticed Prince Ribbit
  8743 | D:6      | Noticed Maggie
  8752 | D:6      | Killed Prince Ribbit
  8910 | D:6      | Killed Maggie
  9104 | D:6      | Found Vitrovusao's Antique Weapon Boutique.
  9274 | D:7      | Found a sacrificial altar of Ru.
  9639 | D:7      | Noticed a moth of wrath
  9642 | D:7      | Found a bloodstained altar of Trog.
  9659 | D:7      | Reached skill level 9 in Long Blades
  9846 | D:7      | Found a staircase to the Ecumenical Temple.
 10283 | D:8      | Found a stormy altar of Qazlal.
 10303 | D:8      | Reached XP level 10. HP: 68/80 MP: 10/10
 10383 | D:8      | Found Qanow's Distillery.
 10395 | D:8      | Bought a potion of might for 64 gold pieces
 10895 | D:9      | Reached skill level 10 in Long Blades
 10982 | D:9      | Found a shadowy altar of Dithmenos.
 10983 | D:9      | Found a snail-covered altar of Cheibriados.
 11477 | D:9      | Noticed an orange crystal statue
 11488 | D:9      | Noticed a two-headed ogre
 11508 | D:9      | Slain by a two-headed ogre

Illustrated notes

Levels and vault maps discovered:
D:1:      dpeg_arrival_stonehenge_12_columns, layout_basic,
          nicolae_ashenzari_panopticon
D:2:      minmay_roachtagon, layout_loops_ring, patterned_corridor,
          uniq_crazy_yiuf_cottage
D:3:      layout_rooms, dancing_weapons_uskayaw
D:4:      layout_loops_ring, serial_shops, nicolae_shop_waterfront
D:5:      layout_basic, uniq_edmund
D:6:      layout_basic, general_overflow_altar, serial_shops, shop, uniq_maggie,
          uniq_prince_ribbit1
D:7:      layout_loops_ring, tgw_trog, lemuel_round_altar, temple_pool_b,
          serial_shops, shop_statue, kennysheep_donut
D:8:      layout_basic, serial_shops, shop_statue,
          nicolae_qazlal_general_emergency
D:9:      minmay_separated_statues, layout_gridville,
          grunt_temple_overflow_open, ebering_ghost_xom,
          chequers_serial_rivers_micro_e

Skill      XL: |  1  2  3  4  5  6  7  8  9 10 |
---------------+-------------------------------+-----
Fighting       | 4 5 6 7 8 |  8.3
Long Blades    | 4 5 6 7 9 10 | 10.3
Armour         | 3 4 5 6 |  6.2
Shields        | 1 2 3 |  3.1
Dodging        | 3 4 |  4.9
Slings         | 1 3 5 7 |  7.7
Stealth        | |  0.4

Action                   |  1- 3 |  4- 6 |  7- 9 | 10-12 || total
-------------------------+-------+-------+-------+-------++-------
Melee: Falchion          |   120 |   160 |   346 |       ||   626
       Great sword       |       |       |    38 |    37 ||    75
 Fire: Hunting sling     |       |     7 |   214 |    84 ||   305
Invok: Berserk           |       |     1 |     5 |       ||     6
  Use: Scroll            |       |     1 |     4 |     2 ||     7
 Stab: Sleeping          |       |       |     3 |       ||     3
Armor: Animal skin       |     8 |       |       |       ||     8
       Ring mail         |    35 |    36 |    77 |       ||   148
       Steam dragon scal |       |       |    23 |    33 ||    56
Dodge: Dodged            |    69 |    92 |   239 |    51 ||   451
Block: Other             |    19 |    48 |    53 |       ||   120
       Rpst.: Falchion   |    28 |    20 |    46 |       ||    94
       Great sword       |       |       |    13 |    10 ||    23
